Warning! The script has encountered some errors when parsing the replay. Please report them to the . » details
0x00, prev: 0x16: 16 02 01 00 77 74 00 00 C6 C3 00 00 [00] 00 00 00 00 00 00 00 00 00 00 00 00 00 00 00 00 00 00 00 00 00 00 00 07 00
0x00, prev: 0x00: 16 02 01 00 77 74 00 00 C6 C3 00 00 00 00 00 00 00 00 00 00 00 00 00 00 00 00 00 00 00 00 00 00 00 00 [00] 00 07 00
0x00, prev: 0x01: 16 02 01 00 77 74 00 00 C6 C3 00 00 00 00 00 00 00 00 00 00 00 00 00 00 00 00 00 00 00 00 00 00 00 00 00 00 01 [00]
0x00, prev: 0x02: 16 02 01 00 77 74 00 00 C6 C3 00 00 00 00 00 00 00 00 00 00 00 00 00 00 00 00 00 00 00 00 00 00 00 00 00 00 02 [00] 04 30 00 18 02 03 1A 19 6D 68 73 6F 7B 71 00 00 AB 36 04 00 12 00 00 03 00 0D 00 FF FF FF FF FF FF FF FF 00 00 68 C5 00 00 FC C5 03 73 00 00 84 64 08 00
0x00, prev: 0x04: 16 02 01 00 77 74 00 00 C6 C3 00 00 00 00 00 00 00 00 00 00 00 00 00 00 00 00 00 00 00 00 00 00 00 00 00 00 04 [00]
0x00, prev: 0x05: 16 02 0C 00 E8 76 00 00 68 0E 04 00 AC 72 00 00 E2 00 02 00 1F 6D 00 00 5D F2 00 00 FB 05 00 00 F9 EC 00 00 2C 06 00 00 DE FF 04 00 C4 67 00 00 A1 EE 01 00 E3 67 00 00 A3 70 01 00 2D 6A 00 00 6F 4E 01 00 FD 6E 00 00 A1 0C 01 00 03 70 00 00 E2 0F 03 00 2F 80 00 00 CB CC 05 00 4D 83 00 00 FD 2C 05 00 00 00 00 00 00 00 00 00 00 00 00 00 00 00 00 00 00 00 00 00 00 00 00 00 05 [00]
General information
- name: BNet
- type: Ladder 1vs1/FFA
- host: Battle.net
- saver: VIETNASNEEZE
map: Deadlock
- players: 4
- length: 43:36
- speed: Fast
- version: 1.23 W3XP
- replay type: Public
» download(177 KB)
Players
team 1 (winner)
Player 1 (
pink | 120 APM | 2118 actions | 17:38)
5 Blademaster
3 Wind Walk
2 Critical Strike
2 Shadow Hunter
1 Healing Wave
1 Hex
» actions
| Assign group hotkey | 44 | |
| Basic commands | 19 | |
| Build / train | 127 | |
| Enter build submenu | 47 | |
| Enter hero's abilities submenu | 8 | |
| Give item / drop item | 4 | |
| Right click | 787 | |
| Select / deselect | 290 | |
| Select group hotkey | 406 | |
| Use ability | 386 | |
2118 total
» units
| Peon | 23 | |
| Troll Batrider | 13 | |
| Raider | 18 | |
| Kodo Beast | 1 | |
| Shaman | 4 | |
| Tauren | 6 | |
65 total
» upgrades
| Ranged Weapons | 2 | |
| Armor | 4 | |
| Liquid Fire | 1 | |
| Envenomed Spears | 1 | |
| Ensnare | 1 | |
| Melee Weapons | 2 | |
| Pillage | 1 | |
| War Drums Damage Increase | 1 | |
| Shaman Training | 1 | |
| Witch Doctor Training | 1 | |
| Spirit Walker Training | 1 | |
16 total
» buildings
| Altar of Storms | 1 | |
| Orc Burrow | 8 | |
| War Mill | 1 | |
| Voodoo Lounge | 2 | |
| Watch Tower | 24 | |
| Stronghold | 4 | |
| Fortress | 1 | |
| Beastiary | 3 | |
| Great Hall | 2 | |
| Spirit Lodge | 2 | |
| Tauren Totem | 1 | |
49 total
» build order
00:07 Altar of Storms
00:11 Orc Burrow
00:51 War Mill
01:29 Voodoo Lounge
01:32 Voodoo Lounge
01:52 Orc Burrow
02:28 Watch Tower
02:36 Watch Tower
03:20 Stronghold
03:20 Stronghold
03:21 Stronghold
03:42 Orc Burrow
04:08 Watch Tower
05:11 Watch Tower
05:14 Watch Tower
05:27 Orc Burrow
08:19 Watch Tower
08:19 Watch Tower
08:25 Watch Tower
14:07 Watch Tower
15:59 Watch Tower
15:59 Watch Tower
16:13 Watch Tower
17:38 Watch Tower
» items
| Lesser Clarity Potion | 4 | |
| Healing Salve | 2 | |
| Scroll of Town Portal | 3 | |
| Scroll of Speed | 3 | |
| Potion of Healing | 2 | |
| Orb of Lightning | 1 | |
15 total
team 2 (loser)
Player 2 (
purple | 119 APM | 2092 actions | 17:38)
4 Death Knight
2 Death Coil
2 Unholy Aura
3 Pandaren Brewmaster
2 Drunken Haze
1 Breath of Fire
2 Dark Ranger
1 Silence
1 Life Drain
» actions
| Assign group hotkey | 34 | |
| Basic commands | 69 | |
| Build / train | 82 | |
| Enter build submenu | 33 | |
| Enter hero's abilities submenu | 10 | |
| Give item / drop item | 7 | |
| Remove unit from queue | 6 | |
| Right click | 1028 | |
| Select / deselect | 392 | |
| Select group hotkey | 346 | |
| Use ability | 84 | |
2092 total
» units
| Acolyte | 24 | |
| Ghoul | 4 | |
| Crypt Fiend | 11 | |
| Frost Wyrm | 2 | |
41 total
» upgrades
| Creature Attack | 3 | |
| Web | 1 | |
| Creature Carapace | 2 | |
| Burrow | 1 | |
7 total
» buildings
| Crypt | 2 | |
| Graveyard | 1 | |
| Ziggurat | 16 | |
| Altar of Darkness | 1 | |
| Tomb of Relics | 1 | |
| Nerubian Tower | 1 | |
| Halls of the Dead | 1 | |
| Black Citadel | 1 | |
| Sacrificial Pit | 1 | |
| Spirit Tower | 5 | |
| Boneyard | 1 | |
31 total
» build order
00:26 Crypt
00:30 Graveyard
00:42 Ziggurat
00:58 Altar of Darkness
01:15 Tomb of Relics
01:48 Ziggurat
02:11 Nerubian Tower
03:38 Halls of the Dead
04:48 Ziggurat
05:27 Ziggurat
05:49 Spirit Tower
05:50 Spirit Tower
05:51 Spirit Tower
09:04 Boneyard
09:37 Crypt
09:40 Ziggurat
09:42 Ziggurat
11:47 Spirit Tower
15:11 Ziggurat
15:13 Ziggurat
15:15 Ziggurat
15:19 Ziggurat
15:21 Ziggurat
16:13 Spirit Tower
17:38 Ziggurat
» items
| Rod of Necromancy | 1 | |
| Sacrificial Skull | 3 | |
| Potion of Healing | 4 | |
| Dust of Appearance | 1 | |
| Orb of Corruption | 1 | |
| Scroll of Town Portal | 1 | |
11 total
team 3 (loser)
VIETNASNEEZE (
green | 121 APM | 2137 actions | 17:38)
6 Blademaster
3 Wind Walk
2 Critical Strike
1 Mirror Image
» actions
| Assign group hotkey | 66 | |
| Basic commands | 2 | |
| Build / train | 112 | |
| ESC pressed | 2 | |
| Enter build submenu | 36 | |
| Enter hero's abilities submenu | 9 | |
| Give item / drop item | 10 | |
| Right click | 918 | |
| Select / deselect | 219 | |
| Select group hotkey | 537 | |
| Use ability | 226 | |
2137 total
» units
» upgrades
| Liquid Fire | 1 | |
| Reinforced Defenses | 1 | |
| Ranged Weapons | 3 | |
| Armor | 2 | |
7 total
» buildings
| Altar of Storms | 1 | |
| Orc Burrow | 4 | |
| Voodoo Lounge | 1 | |
| War Mill | 1 | |
| Stronghold | 2 | |
| Watch Tower | 27 | |
| Fortress | 1 | |
| Great Hall | 1 | |
| Beastiary | 3 | |
41 total
» build order
00:09 Altar of Storms
00:12 Orc Burrow
00:46 Voodoo Lounge
01:22 War Mill
02:32 Stronghold
02:32 Stronghold
02:36 Watch Tower
03:28 Watch Tower
03:32 Orc Burrow
04:54 Fortress
05:09 Great Hall
05:12 Watch Tower
05:13 Watch Tower
05:19 Beastiary
05:27 Watch Tower
05:28 Watch Tower
06:18 Orc Burrow
07:06 Orc Burrow
08:09 Watch Tower
08:09 Watch Tower
09:05 Watch Tower
09:32 Watch Tower
11:15 Watch Tower
11:16 Watch Tower
11:17 Watch Tower
11:18 Watch Tower
11:21 Watch Tower
11:22 Watch Tower
11:22 Watch Tower
14:02 Watch Tower
14:03 Watch Tower
14:04 Watch Tower
14:05 Watch Tower
14:14 Watch Tower
14:15 Watch Tower
14:16 Watch Tower
» items
| Lesser Clarity Potion | 11 | |
| Healing Salve | 7 | |
| Boots of Speed | 1 | |
| Staff of Teleportation | 1 | |
| Orb of Lightning | 1 | |
| Scroll of Town Portal | 6 | |
| Potion of Mana | 7 | |
| Potion of Healing | 8 | |
| Potion of Lesser Invulnerability | 5 | |
47 total
team 4 (loser)
Player 4 (
red | 191 APM | 3119 actions | 16:18)
4 Blademaster
2 Wind Walk
2 Critical Strike
3 Tauren Chieftain
1 War Stomp
2 Endurance Aura
1 Shadow Hunter
1 Healing Wave
» actions
| Assign group hotkey | 38 | |
| Basic commands | 238 | |
| Build / train | 73 | |
| ESC pressed | 13 | |
| Enter build submenu | 41 | |
| Enter hero's abilities submenu | 9 | |
| Give item / drop item | 6 | |
| Right click | 988 | |
| Select / deselect | 621 | |
| Select group hotkey | 904 | |
| Use ability | 188 | |
3119 total
» units
| Peon | 20 | |
| Grunt | 2 | |
| Troll Headhunter/Berserker | 9 | |
| Kodo Beast | 2 | |
| Shaman | 2 | |
| Spirit Walker | 1 | |
| Troll Witch Doctor | 1 | |
| Troll Batrider | 4 | |
41 total
» upgrades
| Ranged Weapons | 2 | |
| Armor | 1 | |
| Shaman Training | 2 | |
| Berserker Upgrade | 1 | |
| War Drums Damage Increase | 1 | |
| Witch Doctor Training | 1 | |
8 total
» buildings
| Altar of Storms | 1 | |
| Barracks | 1 | |
| Orc Burrow | 6 | |
| War Mill | 2 | |
| Stronghold | 1 | |
| Voodoo Lounge | 1 | |
| Great Hall | 6 | |
| Fortress | 1 | |
| Beastiary | 1 | |
| Spirit Lodge | 2 | |
| Tauren Totem | 1 | |
| Watch Tower | 10 | |
33 total
» build order
00:05 Altar of Storms
00:08 Barracks
00:22 Orc Burrow
01:40 War Mill
02:22 Orc Burrow
03:18 Stronghold
04:25 Voodoo Lounge
04:56 Orc Burrow
05:27 Spirit Lodge
06:05 Tauren Totem
06:36 Orc Burrow
08:49 Orc Burrow
08:51 Orc Burrow
09:19 Watch Tower
09:22 Watch Tower
09:25 Watch Tower
09:52 War Mill
10:32 Watch Tower
10:33 Watch Tower
10:34 Watch Tower
11:13 Watch Tower
11:47 Great Hall
13:32 Great Hall
13:35 Great Hall
14:05 Great Hall
16:13 Great Hall
» items
| Circlet of Nobility | 1 | |
| Healing Salve | 2 | |
| Dust of Appearance | 1 | |
4 total
Chat log
(00:08 / All) Player 2: O_O
(00:10 / All) Player 2: orcs!
(00:12 / All) Player 4: bm rush the undead plz
(00:13 / All) Player 4: :)
(00:16 / All) Player 2: lol
(00:19 / All) Player 2: <3
(00:21 / All) Player 2: whos the ud?
(00:24 / All) Player 4: you!
(00:29 / 5) Player 1: a
(00:35 / All) Player 2: o rly?
(00:35 / All) Player 4: lol j/k...
(00:35 / All) VIETNASNEEZE: k
(00:37 / All) VIETNASNEEZE: im down
(00:48 / All) Player 2: go 4 it..
(00:50 / All) Player 2: im mid left
(00:51 / All) Player 2: k
(00:56 / Specific player) VIETNASNEEZE: he asked for it
(01:00 / All) Player 4: no... i'm mid left :(
(01:05 / All) Player 2: ..
(01:08 / All) Player 2: lier
(01:10 / All) Player 1: IM A SNEAKY FFA TALKER
(01:13 / All) Player 1: I PRETEND TO BE SNEAKY
(01:15 / All) Player 1: BYT TELLING LIES
(01:20 / All) Player 1: OR AM I TELLING ONE NOW
(01:22 / All) Player 1: SO SNEAKY
(01:26 / All) Player 4: rofl
(01:30 / All) Player 2: haha
(01:37 / All) Player 1: QUIET LIARS
(01:46 / All) Player 1: TELL ME YOUR NAME SO I CAN SQUELCH YOUR LIES
(01:53 / Specific player) VIETNASNEEZE: maybe we shoudl jsut creep
(01:54 / Specific player) VIETNASNEEZE: and go bats
(01:59 / Specific player) VIETNASNEEZE: i dont want a 2v2
(02:03 / Specific player) VIETNASNEEZE: with this chatty bunch
(02:04 / Specific player) VIETNASNEEZE: huge walk too
(02:14 / 5) Player 1: ya maybe
(02:16 / Specific player) VIETNASNEEZE: ya jsut creep
(02:43 / 5) Player 1: red is actually goikng
(02:45 / 5) Player 1: we should have gone
(02:48 / Specific player) VIETNASNEEZE: o well
(02:50 / All) Player 4: omg
(02:53 / All) Player 4: he didn't lie
(02:54 / All) Player 2: red u nab
(02:58 / All) Player 2: lol
(03:00 / All) Player 4: had to check!
(03:22 / Specific player) VIETNASNEEZE: lost my hero to greed and creep with blod lust
(04:27 / All) Player 2: y would i lie
(04:33 / All) Player 4: well...
(04:35 / All) Player 1: OOPS YOU SAID TAT TO ALL
(04:36 / All) Player 1: OOPS
(04:37 / All) Player 1: OOPS
(04:44 / Specific player) VIETNASNEEZE: lol
(04:47 / All) Player 4: 3 orcs vs 1 undead... that would have sucked to be BM rushed :( :p
(04:47 / Specific player) VIETNASNEEZE: i dont think thats what that was
(04:57 / All) Player 1: THANKS
(04:59 / All) Player 2: jerk
(05:03 / All) Player 1: CATHY
(05:27 / 5) Player 1: purp hax
(05:32 / Specific player) VIETNASNEEZE: y
(05:39 / 5) Player 1: moved acos before i got there
(05:49 / 5) Player 1: knew my hero and location and tech ihtout scout
(06:03 / Specific player) VIETNASNEEZE: he creeping big spots too
(06:12 / 5) Player 1: upping towers
(06:14 / 5) Player 1: after seeign bats
(06:15 / 5) Player 1: without scout
(06:49 / All) Player 4: rofl
(06:56 / All) Player 4: assassin!
(07:32 / All) Player 4: lol cute
(07:46 / All) Player 2: they are each massn bats
(07:53 / 5) Player 1: see what i mean
(08:04 / Specific player) VIETNASNEEZE: suicide purp if we have to
(08:18 / All) Player 2: + hack
(08:21 / All) Player 2: red team em?
(08:24 / All) Player 2: u get green
(08:28 / All) Player 2: i got pink
(08:29 / All) Player 1: you arent scouting me
(08:33 / All) Player 1: and i have my own space warded
(08:33 / All) Player 2: ok
(08:34 / All) Player 2: ?
(08:36 / All) Player 1: you wanna talk about hax
(08:43 / All) VIETNASNEEZE: yeah purple is announcing without scout
(08:45 / All) VIETNASNEEZE: hes the hacker
(08:50 / All) Player 2: stfu noob
(09:14 / All) Player 2: cancle
(09:15 / All) Player 2: LOL
(09:16 / All) Player 4: bat eh?
(09:18 / Specific player) VIETNASNEEZE: how we gonna do this
(09:19 / All) Player 2: before i get there
(09:20 / All) Player 2: nj
(09:25 / 5) Player 1: i dont know
(09:26 / 5) Player 1: at this pint
(09:30 / 5) Player 1: i think were goign to get owned
(09:32 / 5) Player 1: and leave ashamed
(09:34 / 5) Player 1: thats my plan anyway
(09:56 / Specific player) VIETNASNEEZE: lets both get red?
(10:02 / 5) Player 1: no way
(10:06 / 5) Player 1: his land army would shred us
(10:08 / 5) Player 1: suicide on purp
(10:18 / All) Player 4: found green
(10:21 / Specific player) VIETNASNEEZE: that woudl be feed
(10:23 / Specific player) VIETNASNEEZE: lets get red
(10:25 / All) Player 2: where
(10:26 / Specific player) VIETNASNEEZE: then we can 2v1 in peace
(10:29 / All) Player 4: :O
(10:33 / All) VIETNASNEEZE: u know what im building
(10:33 / 5) Player 1: he will ownd us
(10:36 / All) VIETNASNEEZE: but not where i am on map
(10:37 / All) VIETNASNEEZE: good joke
(10:39 / All) VIETNASNEEZE: GOOD MANIP
(11:21 / 5) Player 1: see what i mean
(11:47 / 5) Player 1: jsut so you iknow
(11:57 / All) Player 4: queer ass mother fucking mass bat bitches
(12:34 / All) Player 2: LOL green goes right to it
(12:47 / All) Player 2: Red what they doing?
(13:03 / All) Player 4: hm
(13:05 / Specific player) VIETNASNEEZE: care
(13:06 / Specific player) VIETNASNEEZE: dont feed
(14:10 / All) Player 2: green proly horded gold
(14:11 / All) Player 2: so
(14:12 / All) Player 2: he wins
(14:17 / All) Player 1: by prolly
(14:20 / All) Player 1: he means without scouting
(14:23 / All) Player 1: and with hacking
(14:25 / All) Player 1: he has seen this
(14:29 / All) VIETNASNEEZE: weatch replay if u want a good laugh frmo purp
(14:33 / All) VIETNASNEEZE: he goes everywhere BUT our bases
(14:36 / Specific player) VIETNASNEEZE: then annoucnes our moves
(14:42 / All) VIETNASNEEZE: then annoucnes our moves
(15:02 / All) Player 4: what can you except from mass bat niggers?
(15:07 / All) Player 4: they all map hack of course
(15:14 / All) VIETNASNEEZE: u think he turned on maphack after i went bats?
(15:15 / All) VIETNASNEEZE: rofl
(15:19 / All) Player 4: because they don't go mass mass bats if they can't tech it
(15:42 / All) Player 4: NO YOU'RE A FUCKING MAP HACKER FROMT HE START NIGGER
(15:47 / All) VIETNASNEEZE: ya i am
(15:49 / All) Player 4: fucking try to win with out doing shit like that
(15:49 / All) VIETNASNEEZE: but so is purp
(15:53 / All) VIETNASNEEZE: its obvious
(15:54 / All) VIETNASNEEZE: from his chat
(15:57 / All) VIETNASNEEZE: he never scouted
(15:58 / All) VIETNASNEEZE: once
(16:00 / All) VIETNASNEEZE: and he calls out bats
(16:13 / All) Player 2: bm get so stacked when leveld he rapes
(17:04 / All) Player 2: k well im out
(17:05 / All) Player 2: gg
(17:07 / All) VIETNASNEEZE: noob
(17:08 / All) VIETNASNEEZE: hacker
(17:09 / All) VIETNASNEEZE: clown
(17:10 / All) Player 1: loser hacker
(17:10 / All) VIETNASNEEZE: admit u hack
(17:11 / All) VIETNASNEEZE: clown
(17:15 / All) VIETNASNEEZE: "HTEYRE GOING BATS?
(17:22 / All) Player 2: pink u that dumb?>
(17:29 / All) Player 2: ur teaming with the hacker..
(17:32 / All) VIETNASNEEZE: "THEYRE GOING BATS AND PINK IS TECHING"
(17:37 / All) VIETNASNEEZE: GREEN IS GOIGN BATS... WHRES HIS BASE RED?
(17:38 / 5) Player 1: he was a buttass anyway